 Dungeon Crawl Stone Soup version 0.31-a0-234-gad7ace16ef (webtiles) character file.

Game seed: 15177345323358292253

65 qw the Shooter (level 4, -1/26 HPs)
             Began as a Gargoyle Hexslinger on July 9, 2023.
             Slain by a goblin
             ... wielding a +0 club
             ... led by Robin
              (6 damage)
             ... on level 3 of the Dungeon.
             The game lasted 00:00:29 (1417 turns).

qw the Shooter (Gargoyle Hexslinger)                Turns: 1417, Time: 00:00:30

Health: -1/26      AC:  9    Str: 12    XL:     4   Next: 13%
Magic:  5/5        EV: 10    Int: 13    God:
Gold:   81         SH:  0    Dex: 14    Spells: 4/5 levels left

rFire   . . .        Y - +1 sling (flame)
rCold   . . .        (no shield)
rNeg    + . .        e - +0 ring mail
rPois   inf          (no helmet)
rElec   +            a - +0 cloak
rCorr   .            (no gloves)
SInv    .            (no boots)
Will    .....        (no amulet)
Stlth   +            (no ring)
HPRegen 0.24/turn    (no ring)
MPRegen 0.09/turn

%: no passive effects
@: no status effects
A: sickness immunity, AC +3, negative energy resistance 1, electricity
resistance, torment resistance 1, petrification resistance
a: no special abilities


You were on level 3 of the Dungeon.
You visited 1 branch of the dungeon, and saw 3 of its levels.

You collected 81 gold pieces.


Innate Abilities, Weirdness & Mutations

You are immune to sickness and miasma.
Your stone body is resilient. (AC +3)
You are immune to poison.
You resist negative energy. (rN+)
You are resistant to electric shocks. (rElec)
You are resistant to unholy torment.
You are immune to petrification.


   Skills:
 - Level 2.1 Fighting
 + Level 3.7 Ranged Weapons
 - Level 1.0 Armour
 - Level 1.5 Dodging
 - Level 1.0 Spellcasting
 - Level 2.6 Hexes


You had 4 spell levels left.
You knew the following spells:

 Your Spells              Type           Power      Damage    Failure   Level
a - Slow                  Hex            28%        N/A       22%         1

Your spell library contained the following spells:

 Spells                   Type           Power      Damage    Failure   Level
 Inner Flame              Hex/Fire       4%         N/A       73%         3
 Portal Projectile        Hex/Tloc       8%         N/A       73%         3
 Cause Fear               Hex            3%         N/A       91%         4

Inventory:

Hand Weapons
 Y - a +1 sling of flaming (weapon)
Armour
 a - a +0 cloak (worn)
 e - a +0 ring mail (worn)
Scrolls
 f - a scroll of identify
Potions
 b - a potion of curing {unknown}
 c - a potion of might {unknown}
 h - a potion of attraction {unknown}
 j - a potion of brilliance {unknown}

Dungeon Overview and Level Annotations

Branches:
Dungeon (3/15)

Altars:
Fedhas

Annotations:
D:3 Robin


Message History

You shoot a sling bullet.
The sling bullet closely misses the goblin.
The goblin hits you but does no damage. x3; The goblin closely misses you.
The hobgoblin closely misses you.
You shoot a sling bullet. The sling bullet misses the goblin.
The goblin hits you but does no damage. x3
The hobgoblin hits you but does no damage.
The goblin misses you. The goblin hits you but does no damage.
The goblin misses you. Robin throws the goblin at you!
The goblin closely misses you. The goblin misses you. The hobgoblin hits you.
You shoot a sling bullet.
The sling bullet barely misses the hobgoblin.
The sling bullet barely misses Robin.
The goblin hits you but does no damage. x2; The goblin hits you with a +0 club.
The goblin completely misses you.
The hobgoblin hits you but does no damage.
You shoot a sling bullet. The sling bullet closely misses Robin.
The goblin closely misses you. The goblin hits you but does no damage.
The goblin closely misses you. The goblin barely misses you.
Robin's horned helmet rattles.
Robin misses you.
A goblin comes into view. It is wielding a +0 dagger.
The hobgoblin closely misses you.
You shoot a sling bullet. The sling bullet barely misses Robin.
The goblin shouts!
The goblin barely misses you. x2; The goblin hits you but does no damage. x2
Robin hits you but does no damage.
The hobgoblin hits you but does no damage.
You shoot a sling bullet. The sling bullet hits Robin.
The sling bullet burns Robin.
Robin is lightly wounded.
The goblin hits you with a +0 dagger. The goblin barely misses you.
Robin hits you but does no damage. The goblin hits you but does no damage.
The hobgoblin hits you but does no damage.
The goblin hits you but does no damage. x2; The goblin barely misses you.
The goblin closely misses you. The hobgoblin closely misses you.
The goblin hits you with a +0 club. Robin hits you with a +0 club.
You shoot a sling bullet. The sling bullet closely misses Robin.
The goblin barely misses you. x2; The goblin hits you with a +0 club.
You die...

#. ##. # ######.. # .
#.. .... .# . #.# #..
.#### .#####.#
#.#####.....
.......#####........##
...........##<)ggg...###
#.............#g@gg)....
...........)|##g##.#.###
#......###.#.##.# #
###.##.# #.#.##.# #.##.#
#.#.##.# ..#... ........
#.##.......[....
#.####.#.##.. #.
#.#.....#


You could see Robin, a hobgoblin (strong) and 5 goblins.

Vanquished Creatures
  2 adders (D:2)
  A ball python (D:3)
  5 bats
  3 endoplasms
  2 giant cockroaches (D:2)
  5 goblins
  9 hobgoblins
  3 quokkas
  A frilled lizard (D:1)
  4 kobolds
  4 rats
39 creatures vanquished.

Notes
Turn   | Place    | Note
-------+----------+-------------------------------------------
     0 | D:1      | qw the Gargoyle Hexslinger began the quest for the Orb.
     0 | D:1      | Reached XP level 1. HP: 12/12 MP: 2/2
     0 | D:1      | 0 ||| qw: Version: 0.3-a-51-g015441d
     0 | D:1      | 0 ||| qw: Game counter: 4154
     0 | D:1      | 0 ||| qw: Melee chars always use a shield: true
     0 | D:1      | 0 ||| qw: God list: Okawaru
     0 | D:1      | 0 ||| qw: Allow faded altars: false
     0 | D:1      | 0 ||| qw: Do Orc after clearing Dungeon:15 true
     0 | D:1      | 0 ||| qw: Do second Lair branch before Depths: true
     0 | D:1      | 0 ||| qw: Lair rune preference: random
     0 | D:1      | 0 ||| qw: Goals: Normal
     0 | D:1      | 0 ||| PLANNING D:1-11
   156 | D:1      | Reached XP level 2. HP: 16/16 MP: 3/3
   260 | D:1      | Reached skill level 3 in Ranged Weapons
   681 | D:1      | 681 ||| UPGRADING to +0 ring mail.
   691 | D:1      | 691 ||| DROPPING +0 robe.
   692 | D:1      | 692 ||| READING scroll labelled VONURH XEOTU.
   793 | D:1      | 793 ||| READING 3 scrolls labelled OCWIAQ TASUFOE.
   794 | D:1      | 794 ||| READING scroll labelled WAFRECV KYAGH.
   795 | D:1      | 795 ||| READING 2 scrolls of identify.
   795 | D:1      | 795 ||| IDENTIFYING white potion
   796 | D:1      | 796 ||| DROPPING scroll of poison.
   797 | D:1      | 797 ||| DROPPING potion of berserk rage.
   855 | D:2      | Reached XP level 3. HP: 21/21 MP: 4/4
  1306 | D:2      | 1306 ||| UPGRADING to +0 cloak.
  1311 | D:2      | 1311 ||| DROPPING scarf of invisibility.
  1312 | D:2      | 1312 ||| READING scroll labelled TEICUGOBOU.
  1344 | D:3      | Found a blossoming altar of Fedhas.
  1390 | D:3      | Reached XP level 4. HP: 26/26 MP: 5/5
  1392 | D:3      | Reached skill level 1 in Armour
  1407 | D:3      | Noticed Robin
  1416 | D:3      | HP: 6/26 [goblin/+0 club[Robin] (3)]
  1417 | D:3      | Slain by a goblin

Levels and vault maps discovered:
D:1:      dpeg_arrival_renting, layout_loops_ring
D:2:      layout_rooms
D:3:      layout_loops_ring, pdpol_temple_overflow_zin_treasury_gozag_greed,
          nicolae_overflow_quartered_altars, uniq_robin

Skill      XL: |  1  2  3  4 |
---------------+-------------+-----
Ranged Weapons | 3 |  3.7
Fighting       | 2 |  2.1
Armour         | 1 |  1.0
Dodging        | |  1.5
Spellcasting   | |  1.0
Hexes          | |  2.6

Action                     |  1- 3 |  4- 6 || total
---------------------------+-------+-------++-------
   Fire: Sling             |    88 |    27 ||   115
    Use: Scroll            |     5 |       ||     5
 Armour: Robe              |     9 |       ||     9
         Ring mail         |       |    56 ||    56
  Dodge: Dodged            |    18 |    38 ||    56

Table legend:
 A = Non-vault XP
 B = Vault XP
 C = Vault XP percentage of total XP
 D = Non-vault monster count
 E = Vault monster count
 F = Vault count percentage of total count
                 A         B        C        D         E       F
            +---------+---------+-------+---------+---------+-------
      Total |      81 |      12 |  12.9 |      33 |       6 |  15.4
            +---------+---------+-------+---------+---------+-------
        D:1 |      21 |       0 |   0.0 |      13 |       0 |   0.0
        D:2 |      51 |       0 |   0.0 |      15 |       0 |   0.0
        D:3 |       9 |      12 |  57.1 |       5 |       6 |  54.5
            +---------+---------+-------+---------+---------+-------
